 Dungeon Crawl Stone Soup version 0.29-a0-892-g2c4c91d9db (webtiles) character file.

Game seed: 11954896037258906824

72 purpskrrrp the Gusty (level 4, -1/24 HPs)
             Began as a Tengu Air Elementalist on July 23, 2022.
             Slain by a gnoll
             ... wielding a +0 flail
              (2 damage)
             ... on level 2 of the Dungeon.
             The game lasted 00:07:59 (1524 turns).

purpskrrrp the Gusty (Tengu Air Elementalist)       Turns: 1524, Time: 00:07:59

Health: -1/24      AC:  3    Str:  8    XL:     4   Next: 26%
Magic:  0/8        EV: 12    Int: 18    God:
Gold:   77         SH:  0    Dex: 14    Spells: 5/8 levels left

rFire   . . .      SeeInvis .   (no weapon)
rCold   . . .      Faith    .   (no shield)
rNeg    . . .      Spirit   .   a - +0 robe
rPois   .          Reflect  .   (helmet restricted)
rElec   .          Harm     .   f - +0 cloak
rCorr   .          Rampage  .   (no gloves)
Will    .....                   (boots unavailable)
Stlth   ++........              (no amulet)
HPRegen 0.08/turn               (no ring)
MPRegen 0.11/turn               (no ring)

@: no status effects
A: beak, talons 3
a: no special abilities


You were on level 2 of the Dungeon.
You visited 1 branch of the dungeon, and saw 2 of its levels.

You collected 77 gold pieces.

Inventory:

Missiles
 d - 4 atropa-tipped darts
Armour
 a - a +0 robe (worn)
 f - a +0 cloak (worn)
Scrolls
 c - a scroll of noise {unknown}
 e - a scroll of teleportation {unknown}
Potions
 b - 2 potions of magic


   Skills:
 + Level 2.3 Dodging
 + Level 2.2 Stealth
 + Level 2.5 Spellcasting
 + Level 2.5 Conjurations
 * Level 5.4 Air Magic


You had 5 spell levels left.
You knew the following spells:

 Your Spells              Type           Power      Damage    Failure   Level
a - Shock                 Conj/Air       64%        1d7       3%          1
b - Static Discharge      Conj/Air       16%        3-5/arc   4%          2

Your spell library contained the following spells:

 Spells                   Type           Power      Damage    Failure   Level
 Swiftness                Air            21%        N/A       5%          3
 Airstrike                Air            10%        0-4+      19%         4


Dungeon Overview and Level Annotations

Branches:
Dungeon (2/15)

Altars:

Annotations:
D:2 1 runed translucent door, Crazy Yiuf


Innate Abilities, Weirdness & Mutations

You have a beak for a mouth.
You have claws for feet.


Message History

The gnoll is heavily wounded.
The zap hits the gnoll.
The gnoll is severely wounded.
The gnoll closely misses you.
The gnoll hits you from afar with a +0 spear.
The gnoll hits you but does no damage.
Casting: Shock (safe; 3% risk of failure)
Confirm with . or Enter, or press ? or * to list all spells.
The gnoll is struck by an arc of lightning.
The gnoll is almost dead.
You are struck by an arc of lightning.
The gnoll is struck by an arc of lightning.
You kill the gnoll!
The lightning grounds out.
You barely miss the gnoll.
The gnoll is severely wounded.
The gnoll misses you. The gnoll attacks as you move away!
The gnoll hits you with a +0 flail.
Casting: Static Discharge (safe; 4% risk of failure)
Confirm with . or Enter, or press ? or * to list all spells.
You don't know that spell.
Aiming: Shock (safe; 3% risk of failure)
Press: ? - help, Q - select action, (/) - cycle Shift-Dir - straight line, f/p - gnoll
Aim: a gnoll, wielding a +0 flail and wearing a +0 leather armour (severely wounded, 75% to hit)
The zap hits the gnoll.
The gnoll is almost dead.
The gnoll hits you with a +0 flail! The gnoll closely misses you.
There is an open door here.
The gnoll attacks as you move away! The gnoll barely misses you.
There is an open door here.
The gnoll attacks as you move away! The gnoll hits you with a +0 flail!
* * * LOW HITPOINT WARNING * * *
Aiming: Shock (safe; 3% risk of failure)
Press: ? - help, Q - select action, (/) - cycle Shift-Dir - straight line, f/p - gnoll
Aim: a gnoll, wielding a +0 flail and wearing a +0 leather armour (almost dead, 75% to hit)
The zap hits the gnoll but does no damage.
The gnoll is almost dead.
The gnoll hits you with a +0 flail.
You die...

...)...)...#
...#######.# #.#
###'#### #......#
#......# #......#
###g#### #@#
########.#
.........# ##
#####...## .#
#...######. .#
#.......... .#
#########'#######.
## #......##.#
####......##.#


You could see a gnoll.

Vanquished Creatures
  2 gnolls (D:2)
  2 adders (D:2)
  2 dart slugs (D:1)
  7 ball pythons
  5 bats (D:1)
  An endoplasm (D:1)
  2 goblins (D:1)
  4 hobgoblins (D:1)
  2 jackals (D:1)
  A quokka (D:1)
  A kobold (D:1)
  3 rats (D:1)
32 creatures vanquished.

Notes
Turn   | Place    | Note
-------+----------+-------------------------------------------
     0 | D:1      | purpskrrrp the Tengu Air Elementalist began the quest for
                  | the Orb.
     0 | D:1      | Reached XP level 1. HP: 10/10 MP: 4/4
   142 | D:1      | Reached XP level 2. HP: 15/15 MP: 0/6
   145 | D:1      | Learned a level 2 spell: Static Discharge
   698 | D:1      | Reached XP level 3. HP: 19/19 MP: 5/7
  1161 | D:2      | Reached skill level 5 in Air Magic
  1240 | D:2      | Found a faded altar of an unknown god.
  1388 | D:2      | Found a runed translucent door.
  1389 | D:2      | Noticed Crazy Yiuf
  1501 | D:2      | Reached XP level 4. HP: 24/24 MP: 3/8
  1523 | D:2      | HP: 1/24 [gnoll/+0 flail (11)]
  1524 | D:2      | Slain by a gnoll

Illustrated notes

Levels and vault maps discovered:
D:1:      nagdon_arrival_double_spiral, layout_basic
D:2:      layout_basic, nicolae_ecumenical_snake_handling,
          uniq_crazy_yiuf_cottage, uniq_robin

Skill      XL: |  1  2  3 |
---------------+----------+-----
Conjurations   | 2 |  2.5
Air Magic      | 5 |  5.4
Dodging        | |  2.3
Stealth        | |  2.2
Spellcasting   | |  2.5

Action                   |  1- 3 |  4- 6 || total
-------------------------+-------+-------++-------
Melee: Unarmed           |       |     1 ||     1
 Cast: Shock             |    59 |     4 ||    63
       Static Discharge  |     4 |     1 ||     5
Armor: Robe              |       |     1 ||     1
Dodge: Dodged            |     1 |     5 ||     6

Table legend: (Time is in decaauts)
 A = Elapsed time spent in this place.
 B = Non-inter-level travel time spent in this place.
 C = Inter-level travel time spent in this place.
 D = Time resting spent in this place.
 E = Time spent auto-exploring this place.
 F = Levels seen in this place.
 G = Mean time per level.
                   A        B        C        D        E       F      G
               +--------+--------+--------+--------+--------+-----+--------+
         Total |   1523 |   1523 |      0 |     87 |   1247 |   2 |  761.5 |
       Dungeon |   1523 |   1523 |      0 |     87 |   1247 |   2 |  761.5 |
               +--------+--------+--------+--------+--------+-----+--------+

Top non-repeatable levels by time:
     D:1: 1154 daAuts
     D:2: 369 daAuts
